AoeStats
← _LY_抖音肥龙

African Clearing

505235258Analyzed
4v4 RM · 23d ago on Sep 8, 2026· 46m 34s· 8 players
Game mode
Random Map
Map size
Large (8 player)
Population
200
Speed
Normal
Resources
Standard
Victory
Conquest
Starting age
Dark Age
Ending age
Imperial Age
RankedLock teamsTeams togetherTeam positionsShared explorationLock speedFull tech treeHidden civsTurbo modeCheats
Victory
Defeat
🇩🇪 Inca · Germany
1722
+15
🇩🇪 Mapuche · Germany
1705
+16
🇨🇳 Magyars · China
1698
+16
🇫🇷 Bohemians · France
1688
+26
🇭🇰 Tatars · Hong Kong SAR China
1758
-18
🇨🇳 Romans · China
1710
-16
🇦🇷 Burmese · Argentina
1672
-15
🇨🇳 Koreans · China
1661
-14
灯笼
12:10 Feudal Age
12:51 Double-Bit Axe
18:57 Castle Age
17:46 Scale Barding Armor
18:41 Bloodlines
19:03 Light Cavalry
19:34 Loom
21:56 Bow Saw
25:06 Husbandry
26:37 Horse Collar
29:06 Wheelbarrow
29:29 Chain Barding Armor
35:17 Imperial Age
35:37 Hand Cart
35:44 Hussar
37:34 Plate Barding Armor
39:31 Fletching
41:00 Chemistry
40:19 Bodkin Arrow
41:15 Parthian Tactics
41:00 Gold Mining
42:12 Bracer
42:58 Ballistics
42:21 Heavy Cavalry Archer
43:03 Padded Archer Armor
44:23 Recurve Bow
44:44 Conscription
44:41 Leather Archer Armor
45:49 Thumb Ring
46:50 Ring Archer Armor
47:42 Hoardings
新手玩家
6:36 Loom
14:17 Feudal Age
15:08 Double-Bit Axe
17:46 Castle Age
15:59 Fletching
17:59 Crossbowman
18:53 Bow Saw
22:40 Fervor
22:33 Bodkin Arrow
23:34 Padded Archer Armor
28:45 Horse Collar
30:49 Wheelbarrow
30:09 Town Watch
34:19 Imperial Age
32:10 Treadmill Crane
33:06 Heavy Plow
33:22 Hand Cart
34:56 Chemistry
35:27 Wagenburg Tactics
35:56 Conscription
35:22 Elite Hussite Wagon
37:32 Siege Engineers
38:05 Houfnice
40:06 Scale Mail Armor
40:53 Pikeman
41:34 Squires
42:06 Chain Mail Armor
42:28 Town Patrol
41:53 Onager
41:57 Halberdier
44:02 Plate Mail Armor
43:43 Forging
45:37 Two-Man Saw
46:14 Iron Casting
46:00 Masonry
LM | MaggieWuerze
13:06 Loom
15:19 Feudal Age
15:58 Double-Bit Axe
16:00 Fishing Lines
18:34 Town Watch
21:24 Castle Age
20:12 Fletching
22:25 Bodkin Arrow
23:03 Gillnets
24:20 Bow Saw
24:02 Gold Mining
26:11 Guard Tower
28:12 Wheelbarrow
28:08 Ballistics
29:55 Hand Cart
29:41 Scale Mail Armor
29:44 Murder Holes
29:30 Treadmill Crane
30:00 Masonry
33:00 Town Patrol
37:37 Imperial Age
35:34 Chain Mail Armor
35:29 Forging
38:16 Iron Casting
37:34 Horse Collar
37:29 Champi Runner
38:11 Squires
37:57 Arson
38:48 Plate Mail Armor
38:41 Conscription
38:50 Fabric Shields
38:14 Champi Warrior
40:08 Keep
39:31 Elite Champi Warrior
40:15 Arrowslits
42:30 Blast Furnace
41:43 Bracer
42:46 Chemistry
45:31 Siege Engineers
LM \ Molle
12:23 Feudal Age
13:38 Loom
16:44 Castle Age
15:01 Town Watch
15:48 Double-Bit Axe
16:34 Fletching
21:30 Bow Saw
23:51 Ballistics
27:16 Padded Archer Armor
27:38 Bodkin Arrow
32:34 Wheelbarrow
38:00 Imperial Age
36:20 Masonry
37:29 Leather Archer Armor
37:15 Horse Collar
37:35 Gold Mining
37:41 Stone Mining
38:16 Treadmill Crane
39:23 Ring Archer Armor
40:41 Chemistry
39:39 Elite Bolas Rider
41:07 Conscription
41:03 Malon
42:18 Hoardings
42:31 Butalmapu
43:40 Hand Cart
44:37 Architecture
45:05 Caravan
45:48 Coinage
Franco Guanajuato
6:02 Loom
15:41 Feudal Age
20:00 Castle Age
21:43 Fletching
27:34 Horse Collar
29:20 Town Watch
32:17 Wheelbarrow
32:21 Husbandry
33:11 Padded Archer Armor
39:04 Imperial Age
37:43 Bodkin Arrow
38:48 Bloodlines
41:40 Chemistry
冬瀑
11:12 Loom
11:17 Loom
13:58 Feudal Age
14:35 Double-Bit Axe
14:46 Town Watch
14:58 Horse Collar
17:29 Castle Age
16:22 Scale Barding Armor
16:32 Forging
17:09 Bloodlines
18:38 Bow Saw
20:08 Scale Barding Armor
20:07 Fishing Lines
23:44 Wheelbarrow
22:51 Fishing Lines
23:50 Iron Casting
23:40 Chain Barding Armor
24:07 Heavy Plow
24:04 Gillnets
25:07 Husbandry
28:13 Iron Casting
29:37 Hand Cart
37:04 Imperial Age
34:48 Gold Mining
34:49 Stone Mining
36:58 Ballistas
37:33 Gold Shaft Mining
38:22 Plate Barding Armor
37:08 Cavalier
38:09 Conscription
37:14 Capped Ram
39:35 Blast Furnace
38:46 Guilds
39:46 Conscription
39:54 Comitatenses
39:29 Heavy Scorpion
41:08 Masonry
41:22 Ballistics
40:55 Siege Ram
42:04 Light Cavalry
43:15 Siege Engineers
44:59 Scale Mail Armor
45:18 Pikeman
45:58 Squires
46:14 Chain Mail Armor
45:49 Halberdier
摸鱼种田
12:45 Feudal Age
11:31 Loom
16:58 Castle Age
15:07 Double-Bit Axe
18:55 Fletching
20:56 Bodkin Arrow
24:58 Horse Collar
25:55 Bow Saw
35:03 Imperial Age
34:25 Wheelbarrow
34:00 Heavy Plow
35:38 Hand Cart
35:08 Town Watch
39:52 Chemistry
39:12 Ballistics
39:06 Masonry
42:43 Scale Mail Armor
42:54 Forging
42:39 Pikeman
43:20 Squires
_LY_抖音肥龙
13:28 Feudal Age
13:56 Double-Bit Axe
18:04 Castle Age
16:38 Fishing Lines
19:01 Bow Saw
20:38 Horse Collar
23:26 Wheelbarrow
24:56 Hand Cart
25:25 Loom
32:59 Imperial Age
30:39 Gold Mining
30:50 Fletching
32:18 Bodkin Arrow
32:49 Husbandry
32:51 Padded Archer Armor
33:20 Ballistics
32:46 Light Cavalry
33:37 Bloodlines
33:47 Bracer
34:38 Leather Archer Armor
35:39 Chemistry
34:20 Treadmill Crane
35:56 Gold Shaft Mining
35:12 Stone Mining
36:17 Ring Archer Armor
36:59 Heavy Cavalry Archer
38:14 Heavy Plow
39:19 Conscription
39:35 Silk Armor
40:09 Guilds
40:18 Scale Barding Armor
40:47 Siege Engineers
42:04 Chain Barding Armor
42:19 Hussar
44:28 Forging
44:56 Plate Barding Armor
45:59 Iron Casting
Connection lost

Rejoining the realm…

Still unreachable

The connection could not be restored.

Session expired

The server has moved on; the page needs a fresh start.